 Dungeon Crawl Stone Soup version 0.22-a0-469-gf26638a (webtiles) character file.

16842 protoss039 the Fighter (level 12, -6/106 HPs)
             Began as a Black Draconian Transmuter on June 11, 2018.
             Was an Elder of Vehumet.
             Mangled by a nine-headed hydra (11 damage)
             ... on level 12 of the Dungeon.
             The game lasted 01:33:13 (12777 turns).

protoss039 the Fighter (DrTm)                      Turns: 12777, Time: 01:33:14

Health: -6/106     AC: 12    Str: 15    XL:     12   Next: 13%
Magic:  22/22      EV: 14    Int: 22    God:    Vehumet [****..]
Gold:   703        SH:  0    Dex: 12    Spells: 12/25 levels left

rFire    . . .     SeeInvis .     - Unarmed
rCold    . . .     Gourm    .   (no shield)
rNeg     . . .     Faith    .   (armour unavailable)
rPois    +         Spirit   .   G - +2 hat {Int+3}
rElec    +         Reflect  .   h - scarf {repulsion}
rCorr    .         Harm     .   m - +1 pair of gloves
MR       .....                  (no boots)
Stlth    +++.......             (no amulet)
HPRegen  0.27/turn              g - ring of poison resistance
MPRegen  0.18/turn              o - +3 ring of strength

@: repel missiles
A: breathe lightning, unfitting armour, electricity resistance, cold-blooded, AC
+8
a: Breathe Lightning, Renounce Religion


You were on level 12 of the Dungeon.
You worshipped Vehumet.
Vehumet was greatly pleased with you.
You were hungry.

You visited 2 branches of the dungeon, and saw 13 of its levels.

You collected 703 gold pieces.

Inventory:

Missiles
 a - 78 arrows
Armour
 h - a scarf of repulsion (worn)
 m - a +1 pair of gloves (worn)
 G - a +2 hat of intelligence (worn)
Jewellery
 f - an uncursed ring of fire
 g - a ring of poison resistance (left hand)
 o - a +3 ring of strength (right hand)
 p - an uncursed ring of resist corrosion
 v - an uncursed ring of ice
Wands
 n - a wand of flame (19)
 s - a wand of iceblast (11)
 w - a wand of acid (5)
Scrolls
 d - 4 scrolls of teleportation
 e - 9 scrolls of remove curse
 l - 4 scrolls of identify
 r - 3 scrolls of torment {unknown}
 t - 4 scrolls of enchant armour
 x - a scroll of blinking {unknown}
 y - a scroll of enchant weapon
Potions
 b - a potion of ambrosia
 i - a potion of might
 j - 3 potions of brilliance
 k - a potion of flight
 q - a potion of agility
 u - a potion of curing
 A - a potion of magic {unknown}
Comestibles
 c - 20 rations
 z - 11 chunks of flesh


   Skills:
 - Level 10.2 Fighting
 - Level 5.4 Dodging
 - Level 6.3 Stealth
 + Level 7.7 Unarmed Combat
 * Level 7.2 Spellcasting
 - Level 10.0 Transmutations
 - Level 5.3 Fire Magic
 - Level 3.0 Evocations


You had 12 spell levels left.
You knew the following spells:

 Your Spells              Type           Power        Failure   Level  Hunger
a - Beastly Appendage     Tmut           ######       1%          1    None
b - Sticks to Snakes      Tmut           ######..     1%          2    None
c - Spider Form           Tmut/Pois      ####......   3%          3    None
d - Blade Hands           Tmut           ######....   3%          5    #####..
e - Throw Flame           Conj/Fire      ###...       1%          2    None

Your spell library contained the following spells:

 Spells                   Type           Power        Failure   Level  Hunger
 Cause Fear               Hex            #.........   63%         4    ###....
 Apportation              Tloc           #.....       9%          1    None
 Conjure Flame            Conj/Fire      ###.....     2%          3    None
 Confuse                  Hex            #.......     24%         3    None
 Freezing Cloud           Conj/Ice/Air   #.........   95%         6    ######.
 Mephitic Cloud           Conj/Pois/Air  #.......     7%          3    None
 Ring of Flames           Chrm/Fire      ###.......   100%        7    #######
 Summon Small Mammal      Summ           #...         9%          1    None
 Animate Skeleton         Necr           N/A          9%          1    None
 Summon Ice Beast         Ice/Summ       #.......     63%         4    ###....
 Call Imp                 Summ           #.......     12%         2    None
 Ice Form                 Ice/Tmut       ####....     10%         4    ###....
 Confusing Touch          Hex            #.....       9%          1    None
 Call Canine Familiar     Summ           #.......     24%         3    None
 Silence                  Hex/Air        #.........   92%         5    #####..
 Summon Lightning Spire   Summ/Air       #.......     63%         4    ###....
 Summon Guardian Golem    Hex/Summ       #.......     24%         3    None
 Poisonous Vapours        Pois/Air       #.....       12%         2    None


Dungeon Overview and Level Annotations

Branches:
Dungeon (12/15)            Temple (1/1) D:7            Lair (0/6) D:10
    Orc (0/2) D:10

Altars:
Ashenzari
Cheibriados
Dithmenos
Elyvilon
Fedhas
Gozag
Hepliaklqana
Kikubaaqudgha
Makhleb
Nemelex Xobeh
Okawaru
Qazlal
Ru
Sif Muna
Trog
Uskayaw
Vehumet
Wu Jian
Xom
Yredelemnul
Zin
The Shining One

Shops:
D:9 %

Annotations:
D:6 2 transporters


Innate Abilities, Weirdness & Mutations

You can breathe wild blasts of lightning.
Your glossy black scales are hard. (AC +8)
You cannot fit into any form of body armour.
You are resistant to electric shocks. (rElec)
You are cold-blooded and may be slowed by cold attacks.


Message History

The nine-headed hydra looks more healthy.
Your water moccasin bites the nine-headed hydra.
Your water moccasin withers and dies!
You see here a mace.
There is an escape hatch in the ceiling here.
Unknown command.
You are feeling hungry.
You hear a distant blaring wail to the east.
You see here a trident.
There is a stone staircase leading up here.
Unknown command.
The nine-headed hydra misses you. x2
The nine-headed hydra barely misses you. x2
The nine-headed hydra misses you. The nine-headed hydra bites you.
* * * LOW HITPOINT WARNING * * *
The nine-headed hydra bites you but does no damage.
The nine-headed hydra bites you!
* * * LOW HITPOINT WARNING * * *
The nine-headed hydra bites you!
You die...

#. #...... #.##
....... #...
##..#.. #..# #.
#.. #..# ...
#..# .##^ #..#
.. #. #..### #.
#. #..#@##
#.)D#.#
##########.##.##
#.............#
#)#####.#######
#.# #.# #.# #.#
#.# #.# #.# #.#


You could see a nine-headed hydra.

Vanquished Creatures
  Gastronok (D:9)
  Harold (D:10)
  5 two-headed ogres
  An unseen horror (D:10)
  Pikel (D:7)
  A wolf spider zombie (D:9)
  An ugly thing (D:11)
  Maurice (D:9)
  2 centaur zombies (D:11)
  Psyche (D:11)
  A gargoyle (D:12)
  A troll (D:9)
  Prince Ribbit (D:5)
  Grinder (D:5)
  A wraith (D:10)
  2 wyverns
  3 yaks (D:11)
  Grum (D:8)
  A hungry ghost (D:12)
  A water moccasin (D:10)
  3 orc warriors
  3 ice beasts
  2 sky beasts
  A phantom (D:9)
  A black bear (D:9)
  A necrophage (D:9)
  5 ogres
  4 wolves (D:8)
  A centaur (D:8)
  2 big kobolds
  8 bullfrogs
  2 gnoll sergeants
  A wyvern zombie (D:7)
  2 scorpions
  A water moccasin skeleton (D:8)
  9 wights
  7 killer bees
  A howler monkey (D:7)
  5 bullfrog zombies
  6 crimson imps
  A quasit (D:10)
  6 hounds
  7 jellies
  6 orc priests
  The ghost of Sergey the Conjurer, a weakling VSCj (D:3)
  A gnoll shaman (D:7)
  A bullfrog skeleton (D:8)
  2 centaur skeletons
  An iguana (D:8)
  7 orc wizards
  3 worker ants
  A hound zombie (D:11)
  A hound skeleton (D:4)
  10 adders
  20 gnolls
  3 shadow imps
  An ooze (D:1)
  An adder zombie (D:7)
  An adder skeleton (D:4)
  A worm (D:3)
  3 dart slugs
  4 leopard geckos
  40 orcs
  3 ball pythons
  19 giant cockroaches
  8 goblins
  7 hobgoblins
  16 jackals
  19 kobolds
  3 quokkas
  2 bats (D:3)
  2 frilled lizards
  A jackal skeleton (D:5)
  A quokka zombie (D:8)
  3 rats
299 creatures vanquished.

Vanquished Creatures (collateral kills)
  Urug (D:10)
  Sonja (D:11)
  A komodo dragon (D:10)
  A steam dragon (D:11)
  2 hungry ghosts
  2 ice beasts
  A black bear (D:6)
  2 ogres
  A crocodile (D:9)
  3 bullfrogs (D:9)
  2 killer bees (D:7)
  A howler monkey (D:5)
  A wight (D:11)
  2 jellies
  2 crimson imps
  2 orc priests (D:11)
  An orc wizard (D:11)
  An iguana (D:10)
  A worker ant (D:11)
  An adder (D:4)
  A leopard gecko (D:5)
  11 orcs
  A giant cockroach (D:3)
  A jackal (D:8)
  A goblin (D:2)
  A kobold (D:2)
  A leopard gecko skeleton (D:5)
46 creatures vanquished.

Vanquished Creatures (others)
  9 plants (D:10)
9 creatures vanquished.

Grand Total: 354 creatures vanquished

Notes
Turn   | Place    | Note
-------+----------+-------------------------------------------
     0 | D:1      | protoss039 the Draconian Transmuter began the quest for the Orb.
     0 | D:1      | Reached XP level 1. HP: 16/16 MP: 3/3
   247 | D:1      | Reached XP level 2. HP: 23/23 MP: 3/5
  1087 | D:2      | Reached XP level 3. HP: 28/28 MP: 4/6
  1091 | D:2      | Learned a level 2 spell: Sticks to Snakes
  1482 | D:2      | Learned a level 3 spell: Spider Form
  1936 | D:3      | Reached XP level 4. HP: 28/35 MP: 5/7
  1970 | D:3      | Noticed Sergey's ghost (weakling VSCj)
  2182 | D:3      | Killed Sergey's ghost
  2738 | D:3      | Reached XP level 5. HP: 42/42 MP: 6/8
  2947 | D:4      | Noticed an ice beast
  2980 | D:4      | Killed an ice beast
  2984 | D:4      | Reached XP level 6. HP: 28/52 MP: 3/10
  3545 | D:4      | Found a basalt altar of Yredelemnul.
  3717 | D:4      | Reached skill level 1 in Stealth
  4123 | D:5      | Entered Level 5 of the Dungeon
  4213 | D:5      | Noticed an ice beast
  4252 | D:5      | Killed an ice beast
  4439 | D:5      | Your scales start taking on a glossy black colour.
  4439 | D:5      | Reached XP level 7. HP: 58/59 MP: 11/11
  4439 | D:5      | Gained mutation: You are resistant to electric shocks. (rElec) [Black Draconian growth]
  4645 | D:5      | Noticed Grinder
  4658 | D:5      | Paralysed by Grinder for 7 turns
  4675 | D:5      | Killed Grinder
  4737 | D:5      | Noticed Prince Ribbit
  4755 | D:5      | Killed Prince Ribbit
  4755 | D:5      | Reached skill level 5 in Unarmed Combat
  4755 | D:5      | Reached skill level 5 in Transmutations
  4755 | D:5      | Reached XP level 8. HP: 37/66 MP: 2/12
  5138 | D:6      | Noticed a green ugly thing
  5142 | D:6      | Found a transporter.
  5144 | D:6      | Found a blossoming altar of Fedhas.
  5146 | D:6      | Noticed a troll
  5148 | D:6      | Found a transporter.
  5975 | D:6      | Reached skill level 5 in Stealth
  6099 | D:7      | Reached skill level 5 in Fighting
  6327 | D:7      | Found a staircase to the Ecumenical Temple.
  6335 | Temple   | Entered the Ecumenical Temple
  6501 | Temple   | Became a worshipper of Vehumet
  6741 | D:7      | Reached skill level 1 in Evocations
  6803 | D:7      | Reached XP level 9. HP: 51/74 MP: 13/13
  6888 | D:7      | Reached * piety under Vehumet
  6888 | D:7      | Offered knowledge of Sandblast by Vehumet.
  6929 | D:7      | Found a sacrificial altar of Ru.
  7221 | D:7      | Noticed Pikel
  7249 | D:7      | Killed Pikel
  7891 | D:8      | Noticed Grum
  7897 | D:8      | Noticed a two-headed ogre
  7909 | D:8      | Killed a two-headed ogre
  7919 | D:8      | Reached XP level 10. HP: 47/90 MP: 2/14
  7929 | D:8      | Killed Grum
  8197 | D:8      | Offered knowledge of Flame Tongue by Vehumet.
  8214 | D:8      | Reached ** piety under Vehumet
  9180 | D:8      | Learned a level 5 spell: Blade Hands
  9211 | D:9      | Noticed Maurice
  9466 | D:9      | Noticed Gastronok
  9483 | D:9      | Killed Gastronok
  9483 | D:9      | Offered knowledge of Throw Flame by Vehumet.
  9483 | D:9      | Reached skill level 5 in Dodging
  9503 | D:9      | Identified the Almanac of the Supportive Oath
  9512 | D:9      | Learned a level 2 spell: Throw Flame
  9720 | D:9      | Paralysed by something for 5 turns
  9734 | D:9      | Paralysed by something for 6 turns
  9745 | D:9      | Paralysed by something for 2 turns
  9756 | D:9      | Paralysed by something for 7 turns
 10025 | D:9      | Paralysed by Maurice for 3 turns
 10030 | D:9      | Killed Maurice
 10030 | D:9      | Reached skill level 1 in Fire Magic
 10030 | D:9      | Reached XP level 11. HP: 99/99 MP: 15/15
 10106 | D:9      | Found Sojekliripn's Food Shop.
 10127 | D:9      | Reached *** piety under Vehumet
 10544 | D:10     | Entered Level 10 of the Dungeon
 10589 | D:10     | Noticed Urug
 10604 | D:10     | Killed Urug
 10647 | D:10     | Reached skill level 10 in Transmutations
 10699 | D:10     | Offered knowledge of Inner Flame by Vehumet.
 10721 | D:10     | Noticed a two-headed ogre
 10747 | D:10     | Killed a two-headed ogre
 10773 | D:10     | Noticed Harold
 10790 | D:10     | Killed Harold
 10790 | D:10     | Reached skill level 10 in Fighting
 11141 | D:10     | Found a staircase to the Lair.
 11158 | D:10     | Noticed a two-headed ogre
 11175 | D:10     | Killed a two-headed ogre
 11231 | D:10     | Found a staircase to the Orcish Mines.
 11242 | D:10     | Killed an unseen horror
 11242 | D:10     | Reached skill level 5 in Spellcasting
 11409 | D:10     | Noticed a two-headed ogre
 11441 | D:10     | Killed a two-headed ogre
 11615 | D:11     | Noticed Sonja
 11619 | D:11     | Noticed a brown ugly thing
 11628 | D:11     | Killed Sonja
 11628 | D:11     | Reached **** piety under Vehumet
 11628 | D:11     | Reached skill level 5 in Fire Magic
 11630 | D:11     | Killed a brown ugly thing
 11630 | D:11     | Noticed Psyche
 11652 | D:11     | Killed Psyche
 11656 | D:11     | Offered knowledge of Irradiate by Vehumet.
 12083 | D:11     | Reached XP level 12. HP: 106/106 MP: 19/21
 12369 | D:12     | Noticed a two-headed ogre
 12377 | D:11     | Killed a two-headed ogre
 12702 | D:12     | Noticed a seven-headed hydra
 12716 | D:12     | HP: 3/106 [nine-headed hydra (10)]
 12777 | D:12     | HP: 5/106 [nine-headed hydra (9)]
 12777 | D:12     | Mangled by a nine-headed hydra

Vault maps used:
D:1:      lemuel_arrival_behind_the_door_large
D:2:      first_ration
D:3:      minmay_roachtagon
D:4:      roderic_lattice_a, yredelemnul_altar_generic
D:5:      minivault_11, uniq_grinder, uniq_prince_ribbit1
D:6:      gammafunk_temple_overflow_arena
D:7:      minmay_temple_entry_mist, basic_altar, uniq_pikel
D:8:      uniq_grum
D:9:      serial_shops, kennysheep_little_box, uniq_maurice, uniq_gastronok
D:10:     david_lair_shrubbed, orc_0_dummy, uniq_urug, uniq_harold
D:11:     uniq_psyche, uniq_sonja
D:12:     hangedman_little_slice_of_home, uniq_fannar
Temple:   minmay_crystal_snake_temple

Skill      XL: |  1  2  3  4  5  6  7  8  9 10 11 12 |
---------------+-------------------------------------+-----
Transmutations | 3 4 5 6 8 9 10 | 10.0
Fighting       | 2 3 4 5 8 9 10 | 10.2
Dodging        | 2 3 5 |  5.4
Spellcasting   | 3 6 7 |  7.2
Stealth        | 1 4 5 6 |  6.3
Unarmed Combat | 5 7 |  7.7
Evocations     | 2 3 |  3.0
Fire Magic     | 1 5 |  5.3

Action                   |  1- 3 |  4- 6 |  7- 9 | 10-12 || total
-------------------------+-------+-------+-------+-------++-------
Melee: Unarmed           |   154 |   216 |   269 |   365 ||  1004
       Tailslap          |    13 |    22 |    20 |    38 ||    93
       Kick              |     4 |    14 |    21 |    10 ||    49
       Headbutt          |     9 |    17 |     8 |    12 ||    46
       Punch             |     3 |     2 |     6 |    11 ||    22
       Trident           |       |       |    16 |       ||    16
 Cast: Beastly Appendage |    22 |    25 |    20 |    20 ||    87
       Sticks to Snakes  |     2 |    17 |    43 |    58 ||   120
       Spider Form       |     1 |     8 |    19 |     6 ||    34
       Blade Hands       |       |       |       |    23 ||    23
       Throw Flame       |       |       |       |     7 ||     7
 Abil: End Transformatio |     1 |     8 |    24 |    36 ||    69
       Breathe Lightning |       |       |    10 |     5 ||    15
Evoke: Wand              |       |       |       |     3 ||     3
  Use: Scroll            |       |     1 |     1 |    18 ||    20
       Potion            |       |       |     3 |     3 ||     6
 Stab: Sleeping          |     1 |       |     1 |       ||     2
       Distracted        |       |       |     1 |     4 ||     5
  Eat: Chunk             |     4 |     9 |    15 |    23 ||    51
       Ration            |       |       |     1 |     1 ||     2
Armor: Skin              |    43 |    51 |    79 |   128 ||   301
Dodge: Dodged            |    82 |   133 |   263 |   298 ||   776
       Deflected         |       |       |       |     2 ||     2

Table legend:
 A = Spawn XP
 B = Non-spawn XP
 C = Spawn XP percentage of total XP
 D = Spawn monster count
 E = Non-spawn monster count
 F = Spawn count percentage of total count
 G = Total turns spent on level
                    A         B        C        D         E        F      G
               +---------+---------+-------+---------+---------+-------+---------
         Total |       0 |   24060 |   0.0 |       0 |     345 |   0.0 | 12777
               +---------+---------+-------+---------+---------+-------+---------
           D:1 |       0 |      40 |   0.0 |       0 |      19 |   0.0 |  1081
           D:2 |       0 |      41 |   0.0 |       0 |      21 |   0.0 |   778
           D:3 |       0 |     140 |   0.0 |       0 |      38 |   0.0 |  1085
           D:4 |       0 |     392 |   0.0 |       0 |      23 |   0.0 |  1179
           D:5 |       0 |     909 |   0.0 |       0 |      22 |   0.0 |   860
           D:6 |       0 |     614 |   0.0 |       0 |      20 |   0.0 |  1110
           D:7 |       0 |    1877 |   0.0 |       0 |      42 |   0.0 |  1669
           D:8 |       0 |    2856 |   0.0 |       0 |      38 |   0.0 |  1522
           D:9 |       0 |    5223 |   0.0 |       0 |      37 |   0.0 |  1056
          D:10 |       0 |    6103 |   0.0 |       0 |      32 |   0.0 |  1239
          D:11 |       0 |    5119 |   0.0 |       0 |      42 |   0.0 |   803
          D:12 |       0 |     746 |   0.0 |       0 |      11 |   0.0 |   191
               +---------+---------+-------+---------+---------+-------+---------
